 Dungeon Sprint DCSS version bcrawl-1.26.1 (webtiles) character file.

Game seed: 9859192598868405709

1469668 MordorOrchid the Destroyer (level 10, 0/58 HPs)
             Began as a Skeleton Air Elementalist on July 2, 2020.
             Was an Initiate of Gozag.
             Slain by an orc knight
             ... wielding a +0 war axe
              (26 damage)
             ... in the Dungeon (Sprint IX: "|||||||||||||||||||||||||||||").
             The game lasted 00:12:26 (1177 turns).

MordorOrchid the Destroyer (SkAE)                   Turns: 1177, Time: 00:12:27

Health: 0/58       AC:  7    Str: 18    XL:     10   Next: 65%
Magic:  0/27       EV: 16    Int: 17    God:    Gozag
Gold:   791        SH:  0    Dex:  9    Spells: 24/36 levels left

rFire    . . .     SeeInvis .   y - +6 rapier (drain)
rCold    + . .     Gourm    .   (no shield)
rNeg     + + +     Faith    .   l - +0 robe
rPois    ∞         Spirit   +   o - +0 helmet
rElec    .         Reflect  .   n - +0 cloak
rCorr    .         Harm     .   (no gloves)
MR       +....     NoTele   +   t - +0 pair of boots
Stlth    ++........             (no amulet)
HPRegen  2.19/turn              h - +2 ring of protection
MPRegen  0.20/turn              q - +3 ring of strength

@: no status effects
A: no food or potions, cold resistance 1, deterioration 1, negative energy
resistance 3, powered by death 1, torment resistance, unbreathing, magic shield,
sturdy frame 2, spell healing
a: Potion Petition, Call Merchant, Bribe Branch, Renounce Religion


You were in the Dungeon.
You worshipped Gozag.
Gozag was pleased with you.
You were not hungry.

You visited 1 branch You collected 1805 gold pieces.
You spent 640 gold pieces at shops.
You paid 374 gold pieces to Gozag.

Inventory:

Hand Weapons
 a - a +2 scimitar of flaming
 b - a +0 club
 g - a +1 shortbow of flaming
 i - a +2 morningstar of protection
 j - a +4 quarterstaff of speed
 k - a +0 shortbow
 m - a +3 war axe of electrocution
 p - a +2 halberd of venom
 y - a +6 rapier of draining (weapon)
Missiles
 s - 685 arrows
Armour
 l - a +0 robe (worn)
 n - a +0 cloak (worn)
 o - a +0 helmet (worn)
 r - a +1 chain mail
 t - a +0 pair of boots (worn)
Jewellery
 h - a +2 ring of protection (left hand)
 q - a +3 ring of strength (right hand)
Wands
 f - a wand of acid (7)
Scrolls
 c - 4 scrolls of remove curse
 d - 2 scrolls of amnesia
 e - a scroll of blinking
 u - 2 scrolls of enchant armour
 v - a scroll of identify
Miscellaneous
 w - a lamp of fire (inert)


   Skills:
 * Level 4.8 Fighting
 - Level 4.0 Short Blades
 * Level 1.7 Armour
 * Level 9.5 Dodging
 - Level 3.0 Stealth
 + Level 13.9 Spellcasting
 - Level 14.1 Conjurations
 + Level 12.8 Air Magic
 * Level 6.2 Evocations


You had 24 spell levels left.
You knew the following spells:

 Your Spells              Type           Power        Failure   Level  Hunger
a - Shock                 Conj/Air       #####        1%          1    N/A
b - Airstrike             Air            ######....   1%          4    N/A
f - Lightning Bolt        Conj/Air       ######....   1%          5    N/A
w - Swiftness             Chrm/Air       ####....     1%          2    N/A

Your spell library contained the following spells:

 Spells                   Type           Power        Failure   Level  Hunger
 Static Discharge         Air            ######..     1%          3    N/A

Dungeon Overview and Level Annotations

Branches:
Dungeon (1/1)

Altars:
Cheibriados
Dithmenos
Elyvilon
Fedhas
Gozag
Hepliaklqana
Kikubaaqudgha
Lugonu
Makhleb
Nemelex Xobeh
Okawaru
Qazlal
Ru
Sif Muna
Trog
Uskayaw
Vehumet
Wu Jian
Xom
Yredelemnul
Zin
The Shining One
Beogh
Jiyva

Shops:
D }


Innate Abilities, Weirdness & Mutations

You do not eat or drink.
You are immune to poison.
Your flesh is cold resistant. (rC+)
Your body sometimes deteriorates upon taking damage.
You are immune to negative energy. (rN+++)
You regenerate a little health from kills.
You are immune to unholy pain and torment.
You can survive without breathing.
When hurt, damage is shared between your health and your magic reserves.
Your movements are less encumbered by armour. (ER -4)
Casting spells heals you.


Message History

Found 50 gold pieces.
There is an open door to the Orcish Mines here.
The orc priest shouts!
You puncture the orc knight!
The orc knight is heavily wounded.
You puncture the orc knight!
The orc knight is severely wounded.
The orc warrior no longer looks unusually strong.
The orc no longer looks unusually strong.
The orc knight hits you with a +0 war axe!!
Evoke which item? (* to show all) (? for menu, Esc to quit)
Okay, then.
Unknown command.
Evoke which item? (* to show all) (? for menu, Esc to quit)
Okay, then.
You barely miss the orc knight.
The orc knight is severely wounded.
The orc knight hits you with a +0 war axe!!
You die...
Your body crumbles into a pile of gold.

▓_▓.▓'▓.▓$
▓_▓.▓.▓.▓$▓
▓_▓.▓.▓.▓$▓
▓_▓.▓.▓.▓o▓
▓_▓.▓.▓.▓$▓
▓'▓.▓.▓.▓o▓
▓.▓.▓!▓.▓o▓
▓.▓.▓.▓.▓o▓
▓.▓.▓.▓.▓@▓
▓.▓.▓!▓.▓$▓
▓.▓.▓!▓.▓.▓
▓[▓.▓!▓.▓.▓
▓)▓.▓!▓.▓.▓
▓.▓.▓!▓.▓.▓
▓.▓.▓'▓.▓.▓
▓.▓.▓.▓.▓.▓
▓.▓.▓.▓.▓.▓


You could see an orc knight, an orc warrior, an orc priest and an orc.

Vanquished Creatures
  A centaur warrior (D)
  A cyclops (D)
  An orc knight (D)
  4 cane toads (D)
  A komodo dragon (D)
  A polar bear (D)
  A slime creature (D)
  2 hippogriffs (D)
  A steam dragon (D)
  A hungry ghost (D)
  A warg (D)
  A crocodile (D)
  3 hell hounds (D)
  A porcupine (D)
  3 water moccasins (D)
  An orc warrior (D)
  A sky beast (D)
  An ice beast (D)
  An ogre (D)
  3 centaurs (D)
  6 bullfrogs (D)
  4 wolves (D)
  An orc priest (D)
  2 worker ants (D)
  A dart slug (D)
  2 leopard geckos (D)
  4 orcs (D)
  A hobgoblin (D)
  A quokka (D)
  A goblin (D)
  A jackal skeleton (D)
54 creatures vanquished.

Notes
Turn   | Place    | Note
-------+----------+-------------------------------------------
     0 | D        | MordorOrchid the Skeleton Air Elementalist began the quest
                  | for the Orb.
     0 | D        | Reached XP level 1. HP: 10/10 MP: 4/4
     5 | D        | Reached skill level 1 in Fighting
    17 | D        | Reached XP level 2. HP: 17/20 MP: 0/6
   156 | D        | Learned a level 2 spell: Swiftness
   156 | D        | Noticed an ice beast
   171 | D        | Found a roughly hewn altar of Beogh.
   171 | D        | Found a snail-covered altar of Cheibriados.
   171 | D        | Found a shadowy altar of Dithmenos.
   171 | D        | Found a white marble altar of Elyvilon.
   171 | D        | Found a blossoming altar of Fedhas.
   171 | D        | Found an opulent altar of Gozag.
   172 | D        | Found a hazy altar of Hepliaklqana.
   173 | D        | Found a viscous altar of Jiyva.
   176 | D        | Found an ancient bone altar of Kikubaaqudgha.
   177 | D        | Found a corrupted altar of Lugonu.
   178 | D        | Found a burning altar of Makhleb.
   179 | D        | Found a sparkling altar of Nemelex Xobeh.
   180 | D        | Found an iron altar of Okawaru.
   181 | D        | Became a worshipper of Gozag Ym Sagoz the Greedy
   182 | D        | Found a stormy altar of Qazlal.
   183 | D        | Found a sacrificial altar of Ru.
   184 | D        | Found a shimmering blue altar of Sif Muna.
   185 | D        | Found a bloodstained altar of Trog.
   186 | D        | Found a hide-covered altar of Uskayaw.
   187 | D        | Found a radiant altar of Vehumet.
   188 | D        | Found an ornate altar of the Wu Jian Council.
   189 | D        | Found a shimmering altar of Xom.
   190 | D        | Found a basalt altar of Yredelemnul.
   191 | D        | Found a glowing silver altar of Zin.
   192 | D        | Found a glowing golden altar of the Shining One.
   274 | D        | Reached skill level 2 in Conjurations
   274 | D        | Reached skill level 1 in Evocations
   274 | D        | Reached XP level 3. HP: 19/24 MP: 1/8
   332 | D        | Killed an ice beast
   332 | D        | Reached skill level 4 in Conjurations
   332 | D        | Reached skill level 5 in Air Magic
   332 | D        | Reached XP level 4. HP: 20/30 MP: 3/10
   383 | D        | Learned a level 4 spell: Airstrike
   404 | D        | Noticed a centaur
   404 | D        | Noticed a hungry ghost
   404 | D        | Noticed a cyclops
   404 | D        | Noticed a steam dragon
   404 | D        | Noticed an ogre
   406 | D        | Killed an ogre
   406 | D        | Reached skill level 5 in Spellcasting
   406 | D        | Reached skill level 5 in Conjurations
   406 | D        | Reached XP level 5. HP: 34/34 MP: 11/13
   407 | D        | Killed a steam dragon
   407 | D        | Reached skill level 6 in Conjurations
   407 | D        | Gained mutation: You regenerate a little health from kills.
                  | [Skeleton growth]
   407 | D        | Reached XP level 6. HP: 39/39 MP: 11/15
   407 | D        | Killed a cyclops
   407 | D        | Reached skill level 8 in Conjurations
   407 | D        | Reached skill level 5 in Evocations
   407 | D        | Reached XP level 7. HP: 44/44 MP: 12/19
   417 | D        | Killed a hungry ghost
   417 | D        | Reached XP level 8. HP: 48/48 MP: 3/21
   480 | D        | Learned a level 5 spell: Lightning Bolt
   480 | D        | Noticed a hippogriff
   480 | D        | Noticed a centaur warrior
   480 | D        | Noticed a slime creature
   481 | D        | Reached skill level 9 in Conjurations
   483 | D        | Killed a centaur warrior
   483 | D        | Reached skill level 10 in Spellcasting
   483 | D        | Reached skill level 10 in Conjurations
   483 | D        | Reached skill level 10 in Air Magic
   488 | D        | Killed a slime creature
   488 | D        | Reached XP level 9. HP: 30/52 MP: 1/23
   504 | D        | Reached skill level 11 in Conjurations
   622 | D        | Noticed a cane toad
   624 | D        | Reached skill level 1 in Short Blades
   666 | D        | Killed a cane toad
   739 | D        | Reached skill level 12 in Conjurations
   763 | D        | Noticed a cane toad
   763 | D        | Noticed a polar bear
   763 | D        | Noticed a cane toad
   765 | D        | Killed a cane toad
   765 | D        | Noticed a cane toad
   766 | D        | Killed a cane toad
   766 | D        | Gained mutation: Your movements are less encumbered by
                  | armour. (ER -4) [Skeleton growth]
   766 | D        | Reached XP level 10. HP: 58/58 MP: 6/26
   766 | D        | Reached skill level 13 in Conjurations
   832 | D        | Killed a cane toad
   920 | D        | Reached skill level 14 in Conjurations
  1080 | D        | Bought a lamp of fire for 640 gold pieces
  1159 | D        | Noticed an orc knight
  1164 | D        | Noticed an orc knight
  1167 | D        | Killed an orc knight
  1167 | D        | Reached skill level 1 in Armour
  1177 | D        | Slain by an orc knight

Skill      XL: |  1  2  3  4  5  6  7  8  9 10 |
---------------+-------------------------------+-----
Fighting       | 3 4 |  4.8
Stealth        | 3 |  3.0
Conjurations   | 2 4 5 6 8 10 12 14 | 14.1
Air Magic      | 3 5 6 7 9 10 12 | 12.8
Evocations     | 1 3 4 5 6 |  6.2
Dodging        | 3 4 6 7 8 9 |  9.5
Spellcasting   | 4 5 6 8 9 10 12 13 | 13.9
Short Blades   | 4 |  4.0
Armour         | 1 |  1.7

Action                   |  1- 3 |  4- 6 |  7- 9 | 10-12 || total
-------------------------+-------+-------+-------+-------++-------
Melee: Unarmed           |     7 |       |       |       ||     7
       Scimitar          |    11 |       |       |       ||    11
       Quarterstaff      |       |       |     2 |       ||     2
       Rapier            |       |       |    17 |     4 ||    21
 Cast: Shock             |    20 |       |    12 |     8 ||    40
       Lightning Bolt    |       |       |    11 |    13 ||    24
       Airstrike         |       |       |     2 |    10 ||    12
Invok: Potion Petition   |       |       |     1 |       ||     1
       Call Merchant     |       |       |       |     1 ||     1
Evoke: Wand              |       |     2 |     1 |       ||     3
       Lamp of fire      |       |       |       |     1 ||     1
  Use: Scroll            |     1 |       |     4 |       ||     5
 Stab: Invisible         |       |       |     1 |       ||     1
Armor: Robe              |    13 |       |     5 |     2 ||    20
Dodge: Dodged            |    10 |     1 |    13 |     6 ||    30
